 Dungeon Crawl Stone Soup version 0.27-a0-1200-g94dc6ad4cf (webtiles) character file.

Game seed: 1731075016844159623

938 Froggeryz the Basher (level 8, -6/72 HPs)
             Began as a Gargoyle Gladiator on May 30, 2021.
             Killed by divine providence
             ... invoked by an orc priest
              (13 damage)
             ... on level 5 of the Dungeon.
             The game lasted 00:04:50 (5386 turns).

Froggeryz the Basher (Gargoyle Gladiator)           Turns: 5386, Time: 00:04:51

Health: -6/72      AC: 24    Str: 17 (20) XL:     8   Next: 12%
Magic:  8/8        EV:  2    Int:  7 (9)  God:
Gold:   119        SH:  0    Dex: 10 (11) Spells: 7/7 levels left

rFire    . . .     SeeInvis .   a - +0 flail
rCold    . . .     Faith    .   (no shield)
rNeg     + + +     Spirit   .   (armour currently unavailable)
rPois    ∞         Reflect  .   (helmet currently unavailable)
rElec    .         Harm     .   (cloak currently unavailable)
rCorr    .         Rampage  .   (gloves currently unavailable)
Will     .....     NoTele   +   (boots currently unavailable)
Stlth    +.........             (no amulet)
HPRegen  0.22/turn              (no ring)
MPRegen  0.11/turn              (no ring)

@: mighty, brilliant, tree-form
A: stationary, stasis, torment immunity, boosted hp, sickness immunity, AC +5,
negative energy resistance 1, (electricity resistance), torment resistance 1,
petrification resistance, (iridescent scales 1)
a: no special abilities


You were on level 5 of the Dungeon.
You were a tree.
You visited 1 branch of the dungeon, and saw 5 of its levels.

You collected 119 gold pieces.

Inventory:

Hand Weapons
 a - a +0 flail (weapon)
Missiles
 e - a throwing net (quivered)
Armour
 q - a +2 scale mail of cold resistance (melded)
 s - a +0 helmet (melded)
Wands
 d - a wand of iceblast (3)
Scrolls
 f - a scroll of blinking {unknown}
 g - a scroll of teleportation {unknown}
 h - a scroll of enchant weapon {unknown}
 j - a scroll of magic mapping {unknown}
 k - a scroll of vulnerability {unknown}
 l - a scroll of fog {unknown}
 m - a scroll of brand weapon {unknown}
Potions
 i - 3 potions of haste
 o - a potion of degeneration


   Skills:
 + Level 4.2 Fighting
 * Level 8.6 Maces & Flails
 - Level 1.7 Throwing
 - Level 2.1 Armour
 - Level 2.4 Dodging


You had 7 spell levels left.
You didn't know any spells.
Your spell library contained the following spells:

 Spells                   Type           Power      Damage    Failure   Level
 Foxfire                  Conj/Fire      0%         2x1d4     43%         1
 Magic Dart               Conj           0%         1d3       43%         1
 Searing Ray              Conj           0%         3d3       56%         2
 Conjure Flame            Conj/Fire      0%         6-21      80%         3
 Dazzling Flash           Conj/Hex       0%         N/A       80%         3
 Inner Flame              Hex/Fire       0%         N/A       80%         3
 Fulminant Prism          Conj/Hex       0%         3d6       99%         4
 Iskenderun's Mystic Bla  Conj/Tloc      0%         2d3       99%         4
 Sticky Flame             Conj/Fire      0%         2d3       99%         4
 Fireball                 Conj/Fire      0%         3d3       100%        5


Dungeon Overview and Level Annotations

Branches:
Dungeon (5/15)
 Temple: D:4-7

Altars:
Gozag
Nemelex Xobeh
Zin

Shops:
D:2 (=[(

Annotations:
D:4 3 runed translucent doors, Glokmah's ghost, amateur TeSu
D:5 Grinder


Innate Abilities, Weirdness & Mutations

You are a tree.
Your roots penetrate the ground, keeping you stationary.
You cannot be teleported.
You are immune to unholy pain and torment.
Your maximum health is greatly increased.
Your equipment is partially melded.
You are immune to sickness and miasma.
((Your stone body is resilient. (AC +5)))
You are immune to poison.
You resist negative energy. (rN+)
((You are resistant to electric shocks. (rElec)))
You are resistant to unholy torment.
You are immune to petrification.
((You are partially covered in iridescent scales. (AC +2)))


Message History

You feel very mighty all of a sudden. The adder completely misses you.
The adder bites you but does no damage.
You sock the adder!
You kill the adder!
You hit the orc.
The orc is severely wounded.
An orc comes into view. It is wielding a +0 hand axe.
The orc hits you with a +0 club.
* * * LOW HITPOINT WARNING * * *
You bludgeon the orc!!
You kill the orc!
You hear the brisk rusting of a very distant drain.
It was a potion of brilliance.
You feel clever all of a sudden.
Okay, then.
You sock the jelly!
Your branches burn!
* * * LOW HITPOINT WARNING * * *
The jelly is almost dead.
The jelly hits you but does no damage.
You bludgeon the jelly!!
You kill the jelly!
You cannot move.
You cannot move.
You sock the orc!
You kill the orc!
You hit the howler monkey zombie.
The howler monkey zombie is lightly damaged.
The howler monkey zombie hits you but does no damage.
You thump the howler monkey zombie!
The howler monkey zombie is almost destroyed.
The howler monkey zombie hits you but does no damage.
You bludgeon the howler monkey zombie!!
You destroy the howler monkey zombie!
You cannot move.
You start resting.
An orc priest comes into view. It is wielding a +0 hand axe.
An orc priest is nearby!
The orc priest calls down the wrath of Beogh upon you.
Beogh smites you!
You die...

#........# ..
##...####.##### #
.........#[...... .. .
#..÷÷.###### # #.#.
#...### S. ...#####.# #.#
...#...####
#.##..#######.#.#....##
...o....)♣........>...####
.#.#.#########.##.........
#.##.....####
#.##....#####
#.##....<..(.
#.##########. #.# #.
#.###### #. ...# #.


You could see an orc priest.

Vanquished Creatures
  Sigmund (D:3)
  A shadow (D:5)
  A black bear (D:4)
  A centaur (D:5)
  A phantom (D:5)
  A water moccasin zombie (D:4)
  A centaur zombie (D:4)
  A jelly (D:5)
  A bullfrog skeleton (D:5)
  A centaur skeleton (D:4)
  An iguana (D:5)
  Ijyb (D:3)
  A howler monkey zombie (D:5)
  6 adders
  A white imp (D:4)
  2 dart slugs (D:2)
  A worm (D:2)
  8 orcs
  7 endoplasms
  2 giant cockroaches
  2 hobgoblins
  15 jackals
  3 quokkas
  2 ball pythons
  3 bats
  4 goblins
  8 kobolds
  6 rats
83 creatures vanquished.

Vanquished Creatures (others)
  2 fungi (D:1)
  5 plants (D:1)
7 creatures vanquished.

Grand Total: 90 creatures vanquished

Notes
Turn   | Place    | Note
-------+----------+-------------------------------------------
     0 | D:1      | Froggeryz the Gargoyle Gladiator began the quest for the
                  | Orb.
     0 | D:1      | Reached XP level 1. HP: 12/12 MP: 1/1
   391 | D:1      | Reached XP level 2. HP: 5/17 MP: 2/2
   397 | D:1      | Reached skill level 1 in Armour
  1022 | D:1      | Found a faded altar of an unknown god.
  1585 | D:2      | Found Cuan Pio's Weapon Boutique.
  1666 | D:2      | Found Aheat's Armour Shoppe.
  1675 | D:2      | Reached XP level 3. HP: 18/21 MP: 3/3
  1817 | D:2      | Reached skill level 4 in Maces & Flails
  1842 | D:2      | Found Koroq's Jewellery Boutique.
  2377 | D:2      | Found Oduadgh's Weapon Boutique.
  2689 | D:3      | Reached XP level 4. HP: 19/26 MP: 4/4
  2836 | D:3      | Noticed Ijyb
  2841 | D:3      | Gained mutation: You are partially covered in iridescent
                  | scales. (AC +2) [potion of mutation]
  2875 | D:3      | Killed Ijyb
  3354 | D:3      | Reached skill level 5 in Maces & Flails
  3519 | D:3      | Noticed Sigmund
  3523 | D:3      | Killed Sigmund
  3524 | D:3      | Reached skill level 6 in Maces & Flails
  3524 | D:3      | Reached XP level 5. HP: 30/30 MP: 5/5
  3524 | D:3      | Reached XP level 6. HP: 35/35 MP: 6/6
  4033 | D:4      | Noticed a black bear
  4044 | D:4      | Killed a black bear
  4045 | D:4      | Reached skill level 7 in Maces & Flails
  4300 | D:4      | Found an opulent altar of Gozag.
  4450 | D:4      | Reached XP level 7. HP: 29/40 MP: 7/7
  4636 | D:4      | Found a glowing silver altar of Zin.
  4650 | D:4      | Found a runed translucent gate.
  4651 | D:4      | Found a runed translucent gate.
  4652 | D:4      | Found a runed translucent gate.
  4658 | D:4      | Noticed Glokmah's ghost (amateur TeSu)
  4764 | D:4      | Found a sparkling altar of Nemelex Xobeh.
  4975 | D:5      | Entered Level 5 of the Dungeon
  5056 | D:5      | Noticed Grinder
  5351 | D:5      | Noticed a shadow
  5358 | D:5      | Reached skill level 8 in Maces & Flails
  5363 | D:5      | Killed a shadow
  5364 | D:5      | Reached XP level 8. HP: 9/48 MP: 8/8
  5386 | D:5      | Killed from afar by an orc priest

Illustrated notes

Levels and vault maps discovered:
D:1:      roderic_dead_forest, layout_basic,
          shapermc_ecumenical_altar_mp_ritualfount
D:2:      layout_basic, serial_shops, shop_fountains, shop, shop, shop
D:3:      layout_loops_corners, uniq_ijyb, uniq_sigmund
D:4:      layout_loops_cross, grunt_gozag_breadcrumbs, kennysheep_mini,
          nemelex_diamond_rough_becter, gammafunk_ghost_necromancy
D:5:      layout_loops_ring, cheibrodos_sewer_entry_bend,
          kb_lookout_dungeons_type, minmay_manual_mess, uniq_pikel, uniq_grinder

Skill      XL: |  1  2  3  4  5  6  7 |
---------------+----------------------+-----
Armour         | 1 2 |  2.1
Maces & Flails | 4 6 7 8 |  8.6
Fighting       | 4 |  4.2
Throwing       | |  1.7
Dodging        | |  2.4

Action                   |  1- 3 |  4- 6 |  7- 9 || total
-------------------------+-------+-------+-------++-------
Melee: Flail             |   121 |   127 |   100 ||   348
Throw: Throwing net      |       |     3 |       ||     3
Evoke: Wand              |       |     4 |       ||     4
  Use: Scroll            |     1 |     1 |       ||     2
       Potion            |       |     3 |     5 ||     8
 Stab: Held in net/web   |       |     1 |       ||     1
Armor: Leather armour    |    73 |    18 |       ||    91
       Scale mail        |       |    41 |    80 ||   121
       Skin              |       |       |     6 ||     6
Dodge: Dodged            |   115 |    58 |    72 ||   245

Table legend: (Time is in decaauts)
 A = Elapsed time spent in this place.
 B = Non-inter-level travel time spent in this place.
 C = Inter-level travel time spent in this place.
 D = Time resting spent in this place.
 E = Time spent auto-exploring this place.
 F = Levels seen in this place.
 G = Mean time per level.
                   A        B        C        D        E       F      G
               +--------+--------+--------+--------+--------+-----+--------+
         Total |   5413 |   5227 |    186 |    810 |   3684 |   5 | 1082.6 |
       Dungeon |   5413 |   5227 |    186 |    810 |   3684 |   5 | 1082.6 |
               +--------+--------+--------+--------+--------+-----+--------+

Top non-repeatable levels by time:
     D:1: 1597 daAuts
     D:3: 1302 daAuts
     D:4: 1249 daAuts
     D:2: 1075 daAuts
     D:5: 188 daAuts
